 Dungeon Crawl Stone Soup version 0.27-a0-1557-g57f10a385c (webtiles) character file.

Game seed: 8172651842277408160

2115 pokeman the Thaumaturge (level 9, 0/44 (48) HPs)
             Began as a Deep Elf Hedge Wizard on July 15, 2021.
             Was a Follower of Vehumet.
             Slain by a wight (5 damage)
             ... on level 8 of the Dungeon.
             The game lasted 00:19:48 (9103 turns).

pokeman the Thaumaturge (Deep Elf Hedge Wizard)     Turns: 9103, Time: 00:19:49

HP:   0/44 (48)     AC:  9    Str:  7    XL:     9   Next: 8%
MP:   25/25         EV: 13    Int: 23    God:    Vehumet [*.....]
Gold: 392           SH:  0    Dex: 14    Spells: 18/29 levels left

rFire    . . .     SeeInvis .   D - +2 hand axe (elec)
rCold    . . .     Faith    .   (no shield)
rNeg     . . .     Spirit   .   b - +0 steam dragon scales
rPois    +         Reflect  .   o - +0 helmet
rElec    .         Harm     .   r - +2 cloak
rCorr    .         Rampage  .   (no gloves)
Will     .....                  (no boots)
Stlth    ++........             (no amulet)
HPRegen  0.14/turn              u - ring of poison resistance
MPRegen  0.19/turn              (no ring)

@: drained
A: no striking features
a: Renounce Religion


You were on level 8 of the Dungeon.
You worshipped Vehumet.
Vehumet was aware of your devotion.
You visited 1 branch of the dungeon, and saw 9 of its levels.

You collected 464 gold pieces.
You spent 72 gold pieces at shops.

Inventory:

Hand Weapons
 q - a +4 quarterstaff of chaos
 w - a +0 hand crossbow
 D - a +2 hand axe of electrocution (weapon)
Missiles
 j - 141 arrows
 x - 26 bolts
Armour
 b - +0 steam dragon scales (worn)
 i - a +0 buckler
 o - a +0 helmet (worn)
 r - a +2 cloak (worn)
Jewellery
 u - a ring of poison resistance (left hand)
 E - a ring of protection from fire
Wands
 y - a wand of acid (3)
Scrolls
 d - 3 scrolls of immolation {unknown}
 e - 4 scrolls of identify {unknown}
 f - 2 scrolls of torment {unknown}
 h - 2 scrolls of enchant weapon {unknown}
 m - a scroll of noise {unknown}
 n - 4 scrolls of teleportation {unknown}
 p - a scroll of blinking {unknown}
 s - 4 scrolls of magic mapping {unknown}
 C - a scroll of fear {unknown}
Potions
 a - 2 potions of ambrosia {unknown}
 c - 3 potions of heal wounds
 g - a potion of lignification {unknown}
 k - 2 potions of might {unknown}
 l - 2 potions of mutation {unknown}
 t - a potion of magic {unknown}
 v - 2 potions of brilliance {unknown}
 z - 2 potions of haste {unknown}
 A - 2 potions of berserk rage {unknown}
 B - 2 potions of curing {unknown}


   Skills:
 - Level 2.0 Fighting
 - Level 2.0 Armour
 - Level 3.0 Dodging
 - Level 3.1 Stealth
 + Level 2.6 Shields
 * Level 10.7 Spellcasting
 + Level 5.8 Conjurations
 - Level 1.1 Summonings
 - Level 1.1 Translocations
 + Level 4.7 Fire Magic
 - Level 1.1 Air Magic
 - Level 1.0 Poison Magic


You had 18 spell levels left.
You knew the following spells:

 Your Spells              Type           Power      Damage    Failure   Level
a - Magic Dart            Conj           100%       1d8       1%          1
b - Mephitic Cloud        Conj/Pois/Air  24%        N/A       5%          3
c - Call Imp              Summ           17%        N/A       4%          2
d - Blink                 Tloc           N/A        N/A       4%          2
e - Conjure Flame         Conj/Fire      36%        6-21      1%          3

Your spell library contained the following spells:

 Spells                   Type           Power      Damage    Failure   Level
 Freeze                   Ice            48%        1d7       5%          1
 Slow                     Hex            12%        N/A       8%          2
 Gell's Gravitas          Tloc           8%         N/A       10%         3
 Lesser Beckoning         Tloc           8%         N/A       10%         3
 Teleport Other           Tloc           17%        N/A       10%         3
 Confusing Touch          Hex            12%        N/A       16%         3
 Yara's Violent Unravell  Hex/Tmut       6%         3d5       82%         5


Dungeon Overview and Level Annotations

Branches:
Dungeon (9/15)             Temple (0/1) D:6
   Lair: D:8-11         Orc: D:9-12

Altars:
Ashenzari
Gozag
Okawaru
Trog
Vehumet
Wu Jian
Zin

Shops:
D:3 (   D:6 *


Message History

Casting: Conjure Flame (safe; 1% risk of failure)
Confirm with . or Enter, or press ? or * to list all spells.
Aiming: Magic Dart (safe; 1% risk of failure)
Press: ? - help, Shift-Dir - straight line, f - wyvern
Aim: a wyvern (asleep, 100% to hit)
The magic dart hits the wyvern.
The wyvern is lightly wounded.
You closely miss the wyvern.
The wyvern is engulfed in blazing flames.
The wyvern bites you.
Unknown command.
You hit the wyvern but do no damage. Lightning courses through the wyvern!!
The wyvern is almost dead.
The wyvern is engulfed in blazing flames.
You kill the wyvern!
Vehumet accepts your kill.
Unknown command.
There is a stone staircase leading up here.
You climb upwards.
There is a stone staircase leading down here.
HP restored.
Magic restored.
You now have 392 gold pieces (gained 22).
There is a stone staircase leading down here.
Done exploring.
Done exploring.
There is a stone staircase leading down here.
You climb downwards.
The wight hits you but does no damage.
There is a stone staircase leading up here.
You barely miss the wight.
The wight hits you with a +4 flail of freezing.
You feel drained. The wight freezes you.
The wight hits you with a +4 flail of freezing!
You feel drained. The wight freezes you.
Unknown command.
The wight hits you from afar with a +3 trident of freezing!
You feel drained. The wight freezes you.
The wight hits you with a +4 flail of freezing!
* * * LOW HITPOINT WARNING * * *
The wight freezes you.
You die...

#z....
#....
+....
#.... .
#...#
...##..z#
........#
.......@+
......z.#
........#
........#
##+##'###
.. ...
....


You could see 3 wights.

Vanquished Creatures
  A wyvern (D:8)
  2 steam dragons (D:6)
  A water moccasin (D:6)
  A hornet zombie (D:7)
  An orc warrior (D:6)
  3 ogres
  A necrophage (D:4)
  A centaur (D:7)
  A bullfrog (D:7)
  A water moccasin zombie (D:6)
  4 killer bees (D:7)
  3 wights (D:7)
  2 orc priests
  3 hounds
  A bullfrog skeleton (D:3)
  Crazy Yiuf (D:2)
  3 centaur skeletons
  5 orc wizards
  An iguana (D:6)
  A killer bee zombie (D:7)
  Robin (D:2)
  7 adders
  A shadow imp (D:5)
  2 ufetubi
  3 worms
  2 dart slugs (D:1)
  21 orcs
  6 bats
  13 endoplasms
  12 goblins
  8 hobgoblins
  2 jackals (D:4)
  11 kobolds
  4 quokkas
  3 ball pythons
  5 frilled lizards
  7 rats
145 creatures vanquished.

Notes
Turn   | Place    | Note
-------+----------+-------------------------------------------
     0 | D:1      | pokeman the Deep Elf Hedge Wizard began the quest for the
                  | Orb.
     0 | D:1      | Reached XP level 1. HP: 10/10 MP: 7/7
   221 | D:1      | Reached XP level 2. HP: 12/16 MP: 2/9
   592 | D:1      | You fall into a shaft and drop 1 floor!
   721 | D:2      | Reached skill level 5 in Spellcasting
   999 | D:1      | Reached XP level 3. HP: 20/20 MP: 9/11
  1003 | D:1      | Learned a level 3 spell: Mephitic Cloud
  1006 | D:1      | Learned a level 2 spell: Call Imp
  1009 | D:1      | Learned a level 2 spell: Blink
  1013 | D:1      | Learned a level 3 spell: Conjure Flame
  1439 | D:2      | Reached skill level 1 in Fighting
  1439 | D:2      | Reached skill level 1 in Armour
  1692 | D:2      | Found a runed translucent door.
  1693 | D:2      | Noticed Crazy Yiuf
  1841 | D:2      | Noticed Robin
  2034 | D:2      | Killed Robin
  2035 | D:2      | Reached XP level 4. HP: 25/25 MP: 5/13
  2684 | D:2      | Killed Crazy Yiuf
  3025 | D:3      | Found Bualy's Weapon Boutique.
  3106 | D:3      | Reached skill level 1 in Shields
  3177 | D:3      | Reached skill level 6 in Spellcasting
  3177 | D:3      | Reached XP level 5. HP: 24/29 MP: 10/15
  3755 | D:4      | Reached skill level 1 in Fire Magic
  3761 | D:4      | Reached skill level 1 in Air Magic
  3999 | D:4      | Reached XP level 6. HP: 34/34 MP: 11/17
  4112 | D:4      | Reached skill level 1 in Poison Magic
  4258 | D:4      | Reached skill level 7 in Spellcasting
  4687 | D:4      | Reached XP level 7. HP: 38/38 MP: 16/20
  5480 | D:5      | Entered Level 5 of the Dungeon
  5971 | D:5      | Found a bloodstained altar of Trog.
  6060 | D:5      | Reached skill level 8 in Spellcasting
  6338 | D:6      | Noticed a steam dragon
  6784 | D:6      | Found a radiant altar of Vehumet.
  6796 | D:6      | Became a worshipper of Vehumet
  6865 | D:6      | Killed a steam dragon
  6866 | D:6      | Reached XP level 8. HP: 44/44 MP: 16/22
  6972 | D:6      | Found a staircase to the Ecumenical Temple.
  7059 | D:6      | Found a broken altar of Ashenzari.
  7062 | D:6      | Found an iron altar of Okawaru.
  7079 | D:6      | Found Vecudipu's General Store.
  7084 | D:6      | Bought a potion of heal wounds for 60 gold pieces
  7084 | D:6      | Bought a potion of degeneration for 12 gold pieces
  7112 | D:6      | Reached skill level 9 in Spellcasting
  7379 | D:6      | Reached skill level 5 in Conjurations
  7776 | D:6      | Found an opulent altar of Gozag.
  8010 | D:7      | Reached skill level 10 in Spellcasting
  8254 | D:7      | Found an ornate altar of the Wu Jian Council.
  8377 | D:7      | Found a glowing silver altar of Zin.
  8628 | D:7      | Reached * piety under Vehumet
  8628 | D:7      | Offered knowledge of Freeze by Vehumet.
  8776 | D:7      | Reached XP level 9. HP: 48/48 MP: 22/25
  8891 | D:7      | You fall into a shaft and drop 2 floors!
  9103 | D:8      | Slain by a wight

Illustrated notes

Levels and vault maps discovered:
D:1:      ncdulo_wetmaze, layout_rooms, serial_aquarium, aquarium_bridge_square
          [aquarium_subvault_wall, aquarium_subvault_wall,
          aquarium_subvault_bridge, aquarium_subvault_window],
          aquarium_bridge_square [aquarium_subvault_window,
          aquarium_subvault_wall, aquarium_subvault_bridge,
          aquarium_subvault_window], aquarium_window_3, aquarium_window_fake,
          aquarium_window_2, aquarium_window_2, aquarium_view_2d,
          aquarium_view_2f
D:2:      layout_basic, kennysheep_boxes, uniq_robin, uniq_crazy_yiuf_cottage
D:3:      layout_basic, serial_shops, shop, kennysheep_generic_room_5
D:4:      layout_layer_cave
D:5:      layout_cave_pods, kennysheep_little_box
D:6:      layout_loops_cross, nicolae_overflow_hidden_temple,
          lemuel_crystal_altar, nicolae_vehumet_radiance,
          minmay_temple_entry_statues, serial_shops, shop,
          kennysheep_minor_cross
D:7:      layout_loops_ring, mainiacjoe_overflow_alcove_2, old_standard_altar
D:8:      layout_gridville
D:9:      layout_basic

Skill      XL: |  1  2  3  4  5  6  7  8 |
---------------+-------------------------+-----
Spellcasting   | 5 6 7 8 10 | 10.7
Fighting       | 1 2 |  2.0
Armour         | 1 2 |  2.0
Conjurations   | 2 3 4 5 |  5.8
Dodging        | 3 |  3.0
Shields        | 1 2 |  2.6
Fire Magic     | 1 3 4 |  4.7
Air Magic      | 1 |  1.1
Poison Magic   | 1 |  1.0
Stealth        | 3 |  3.1
Summonings     | |  1.1
Translocations | |  1.1

Action                   |  1- 3 |  4- 6 |  7- 9 || total
-------------------------+-------+-------+-------++-------
Melee: Dagger            |     9 |     2 |       ||    11
       Quarterstaff      |       |    12 |    52 ||    64
       Hand axe          |       |       |     8 ||     8
 Cast: Magic Dart        |   113 |   126 |    98 ||   337
       Conjure Flame     |     1 |     5 |    13 ||    19
       Mephitic Cloud    |     1 |     2 |    15 ||    18
       Call Imp          |       |     1 |     6 ||     7
       Blink             |       |       |     2 ||     2
 Stab: Confused          |       |       |     5 ||     5
Armor: Robe              |     3 |    10 |     3 ||    16
       Steam dragon scal |       |       |    12 ||    12
Dodge: Dodged            |    14 |    30 |    35 ||    79

Table legend: (Time is in decaauts)
 A = Elapsed time spent in this place.
 B = Non-inter-level travel time spent in this place.
 C = Inter-level travel time spent in this place.
 D = Time resting spent in this place.
 E = Time spent auto-exploring this place.
 F = Levels seen in this place.
 G = Mean time per level.
                   A        B        C        D        E       F      G
               +--------+--------+--------+--------+--------+-----+--------+
         Total |   9131 |   8892 |    239 |    462 |   7315 |   9 | 1014.6 |
       Dungeon |   9131 |   8892 |    239 |    462 |   7315 |   9 | 1014.6 |
               +--------+--------+--------+--------+--------+-----+--------+

Top non-repeatable levels by time:
     D:4: 1807 daAuts
     D:2: 1625 daAuts
     D:6: 1392 daAuts
     D:1: 1204 daAuts
     D:7: 1086 daAuts
     D:5: 1060 daAuts
     D:3: 854 daAuts
     D:9: 61 daAuts
     D:8: 38 daAuts
